 Dungeon Sprint DCSS version 0.17-a0-1399-gd5b76e1 (webtiles) character file.

12033 Kidiri the Unseen (level 11, -12/47 HPs)
             Began as a Spriggan Enchanter on June 19, 2015.
             Was the Champion of Dithmenos.
             Mangled by a stone giant (43 damage)
             ... in the Dungeon (Sprint V: "Ziggurat Sprint").
             The game lasted 00:12:25 (1187 turns).

Kidiri the Unseen (Spriggan Enchanter)              Turns: 1187, Time: 00:12:25

Health: -12/47     AC:  3    Str:  8    XL:     11   Next: 57%
Magic:  28/39      EV: 36    Int: 24    God:    Dithmenos [******]
Gold:   0          SH:  0    Dex: 29    Spells: 11 memorised, 11 levels left

rFire  + . .     SeeInvis +     L - +6 rapier of the Middle {venom, rF+ MP+9 Str+4 Int+4}
rCold  . . .     Clarity  .     b - +1 robe
rNeg   + . .     SustAt   .     (shield restricted)
rPois  .         Gourm    .     (helmet restricted)
rElec  .         Spirit   .     (no cloak)
rCorr  .         Warding  +     (gloves unavailable)
rMut   .         NoTele   +     (boots unavailable)
MR     +....                    n - macabre finger necklace {Ward rN+}
Stlth  ++++++++++               z - +6 ring of dexterity
                                y - +6 ring of dexterity
                                J - ring of invisibility

@: very slightly contaminated, wreathed by umbra, invisible, very quick,
somewhat resistant to hostile enchantments, uncannily stealthy
A: unfitting armour, see invisible, herbivore 3, speed 3, slow metabolism 2
a: Shadow Step, Shadow Form, Renounce Religion


You were in the Dungeon.
You worshipped Dithmenos.
Dithmenos was exalted by your worship.
You were full.

You visited 1 branch

Inventory:

Hand weapons
 I - a +9 dagger
 L - the +6 rapier of the Middle (weapon) {venom, rF+ MP+9 Str+4 Int+4}
   (You found it in the Dungeon)

   It poisons the flesh of those it strikes.
   It affects your strength (+4).
   It affects your intelligence (+4).
   It protects you from fire.
   It affects your magic capacity (+9).
Armour
 b - a +1 robe (worn)
Jewellery
 a - an uncursed ring of ice
 n - the macabre finger necklace (around neck) {Ward rN+}
   (You found it in the Dungeon)

   [amulet of warding]

   It may prevent the melee attacks of summoned creatures.
   It protects you from negative energy.
 y - a +6 ring of dexterity (left hand)
 z - a +6 ring of dexterity (right hand)
 A - a +6 ring of intelligence
 B - a +6 ring of intelligence
 C - a +6 ring of strength
 D - a +6 ring of strength
 F - an uncursed ring of ice
 J - a ring of invisibility (on amulet)
 K - the amulet "Boshruul" {+Rage rN+}
   (You found it in the Dungeon)

   [amulet of rage]

   It protects you from negative energy.
   It lets you go berserk.
Magical devices
 E - a wand of disintegration (7)
 G - a wand of cold (5)
 H - a wand of draining (5)
Scrolls
 j - 4 scrolls of blinking
 q - 4 scrolls of amnesia
 r - 3 scrolls of recharging
 s - 7 scrolls of fog
 t - 2 scrolls of holy word
 u - 5 scrolls of identify
 v - 5 scrolls of remove curse
 w - 2 scrolls of fear
 M - 4 scrolls of enchant armour
Potions
 e - 9 potions of curing
 f - 10 potions of heal wounds
 g - 6 potions of haste
 h - 7 potions of magic
 i - 3 potions of berserk rage
 k - 2 potions of brilliance
 l - 2 potions of invisibility
 m - 4 potions of resistance
 o - 5 potions of agility
 p - 5 potions of might
Books
 c - a book of Maledictions

   Spells                             Type                      Level
   a - Corona                         Hexes                        1
   b - Ensorcelled Hibernation        Hexes/Ice                    2
   c - Confuse                        Hexes                        3
   d - Tukima's Dance                 Hexes                        3
   e - Dazzling Spray                 Conjuration/Hexes            3
 N - an Akashic Record This book is beyond your current level of understanding.

   Spells                             Type                      Level
   a - Dispersal                      Translocation                6
   b - Controlled Blink               Translocation                7
   c - Malign Gateway                 Summoning/Translocation      7
   d - Disjunction                    Translocation                8
   e - Singularity                    Translocation                9
 O - a book of Cantrips

   Spells                             Type                      Level
   a - Corona                         Hexes                        1
   b - Animate Skeleton               Necromancy                   1
   c - Summon Small Mammal            Summoning                    1
   d - Apportation                    Translocation                1
Comestibles
 d - 4 bread rations
 x - 42 fruits


   Skills:
 + Level 10.0 Short Blades
 + Level 14.0 Dodging
 * Level 19.9 Stealth
 * Level 14.5 Spellcasting
 + Level 5.9 Conjurations
 + Level 11.1 Hexes
 + Level 2.8 Summonings
 + Level 3.1 Necromancy
 + Level 5.1 Translocations
 + Level 6.5 Ice Magic
 + Level 4.4 Air Magic
 + Level 8.8 Invocations
 - Level 3.2 Evocations


You had 11 spell levels left.
You knew the following spells:

 Your Spells              Type           Power        Failure   Level  Hunger
a - Corona                Hex            ######.      1%          1    None
b - Ensorcelled Hibernat  Hex/Ice        ######       1%          2    None
c - Confuse               Hex            ######..     1%          3    None
d - Tukima's Dance        Hex            ######..     1%          3    None
e - Dazzling Spray        Conj/Hex       ######..     1%          3    None
f - Invisibility          Hex            ######..     8%          6    #####..
g - Confusing Touch       Hex            ######       1%          2    None
h - Lightning Bolt        Conj/Air       #####.....   14%         5    ##.....
i - Animate Skeleton      Necr           N/A          1%          1    None
j - Apportation           Tloc           #####.....   1%          1    None
k - Summon Small Mammal   Summ           ####         1%          1    None


Dungeon Overview and Level Annotations

Branches:
Dungeon (1/1)

Altars:
Ashenzari
Cheibriados
Dithmenos
Elyvilon
Fedhas
Gozag
Kikubaaqudgha
Makhleb
Nemelex Xobeh
Okawaru
Qazlal
Ru
Sif Muna
Trog
Vehumet
Xom
Yredelemnul
Zin
The Shining One
Beogh
Jiyva
Lugonu


Innate Abilities, Weirdness & Mutations

You are tiny and cannot use many weapons and most armour.
You have supernaturally acute eyesight.
You are a herbivore.
You cover ground extremely quickly.
You need consume almost no food.


Message History

Your shadow hits the stone giant but does no damage.
The stone giant throws a large rock.
The large rock hits the lich!!
You hit the stone giant but do no damage.
The stone giant is heavily wounded.
Your shadow hits the stone giant but does no damage.
The lich touches you.
You emit a cloud of dark smoke.
The stone giant throws a large rock.
The large rock hits the lich!
You hit the stone giant.
The stone giant is heavily wounded.
The lich touches you! The stone giant misses you.
Casting: Invisibility
Confirm with . or Enter, or press ? or * to list all spells.
Aiming: Ensorcelled Hibernation
Press: ? - help, Shift-Dir - straight line, f - stone giant
Aim: a stone giant (severely wounded, poisoned, umbra, chance to defeat MR: 22%)
The stone giant resists with almost no effort.
The stone giant throws a large rock.
The large rock hits the lich!
The stone giant hits you!!!
Ouch! That really hurt!
You die...

▓.........▓.......▓
▓.........▓.......▓
▓.........▓.......▓
▓.▓.....▓.▓.▓...▓.▓
▓.........▓.......▓
▓▓▓▓▓▓▓▓▓▓▓▓▓▓▓▓▓▓▓▓▓
▓...8©8...▓...8©8...▓
▓..)§)C:C.▓..)=)|)..▓
▓..))@L§..▓...)))(..▓
▓...§§§§§.▓..)......▓
▓....§§§§.▓.........▓
▓.....§...▓(........▓
▓.........▓.........▓
▓.........▓.........▓
▓.▓.....▓.▓.........▓
▓.........▓▓▓▓▓▓▓▓▓▓▓
▓▓▓▓▓▓▓▓▓▓▓


You could see 2 stone giants and a lich.

Vanquished Creatures
  A yellow draconian (D)
  6 vault guards (D)
  A yaktaur captain (D)
  2 deep elf summoners (D)
  2 deep elf conjurers (D)
  2 draconians (D)
  An eye of devastation (D)
  A komodo dragon (D)
  2 slime creatures (D)
  2 tarantellas (D)
  3 deep elf fighters (D)
  2 golden eyes (D)
  A hell hound (D)
  2 water moccasins (D)
  A porcupine (D)
  A wolf (D)
  2 orc warriors (D)
  An eye of draining (D)
  3 scorpions (D)
  An iron imp (D)
  A quasit (D)
  A jelly (D)
  11 orc priests (D)
  An iguana (D)
  A sheep (D)
  A river rat (D)
  An adder (D)
  A giant eyeball (D)
  2 orcs (D)
  A jackal (D)
  A ball python (D)
  A quokka skeleton (D)
  A fungus (D)
61 creatures vanquished.

Notes
Turn   | Place    | Note
--------------------------------------------------------------
     0 | D        | Kidiri the Spriggan Enchanter began the quest for the Orb.
     0 | D        | Reached XP level 1. HP: 9/9 MP: 5/5
     0 | D        | Found a roughly hewn altar of Beogh.
     0 | D        | Found a viscous altar of Jiyva.
     0 | D        | Found a corrupted altar of Lugonu.
     0 | D        | Found a white marble altar of Elyvilon.
     0 | D        | Found a sparkling altar of Nemelex Xobeh.
     1 | D        | Found a burning altar of Makhleb.
     1 | D        | Found an iron altar of Okawaru.
     1 | D        | Found a deep blue altar of Sif Muna.
     1 | D        | Found a radiant altar of Vehumet.
     1 | D        | Found a bloodstained altar of Trog.
     1 | D        | Found a shimmering altar of Xom.
    19 | D        | Became a worshipper of Dithmenos the Shadowed
    39 | D        | Reached skill level 6 in Dodging
    39 | D        | Reached skill level 10 in Stealth
    39 | D        | Reached XP level 2. HP: 13/13 MP: 6/6
    44 | D        | Entered arena 1.
    44 | D        | Noticed a slime creature
    44 | D        | Noticed a golden eye
    47 | D        | Killed a golden eye
    47 | D        | Reached skill level 12 in Stealth
    47 | D        | Reached skill level 5 in Spellcasting
    47 | D        | Reached skill level 5 in Hexes
    47 | D        | Reached XP level 3. HP: 16/16 MP: 7/11
    47 | D        | Reached XP level 4. HP: 21/21 MP: 7/12
    47 | D        | Reached XP level 5. HP: 24/24 MP: 8/14
    48 | D        | Killed a slime creature
    48 | D        | Reached skill level 13 in Stealth
    48 | D        | Reached XP level 6. HP: 28/28 MP: 8/17
   113 | D        | Learned a level 2 spell: Ensorcelled Hibernation
   117 | D        | Learned a level 3 spell: Confuse
   121 | D        | Learned a level 3 spell: Tukima's Dance
   125 | D        | Learned a level 3 spell: Dazzling Spray
   125 | D        | Entered arena 2.
   125 | D        | Noticed a draconian
   125 | D        | Noticed a yellow draconian
   125 | D        | Noticed a draconian
   130 | D        | Killed a yellow draconian
   130 | D        | Reached skill level 10 in Dodging
   130 | D        | Reached skill level 15 in Stealth
   130 | D        | Reached skill level 5 in Invocations
   130 | D        | Reached XP level 7. HP: 32/32 MP: 18/21
   130 | D        | Reached XP level 8. HP: 36/36 MP: 18/22
   131 | D        | Killed a draconian
   131 | D        | Reached skill level 10 in Spellcasting
   132 | D        | Killed a draconian
   132 | D        | Reached skill level 16 in Stealth
   161 | D        | Entered arena 3.
   161 | D        | Noticed a water moccasin
   161 | D        | Noticed a water moccasin
   165 | D        | Acquired Dithmenos's first power
   167 | D        | Killed a water moccasin
   167 | D        | Reached XP level 9. HP: 39/39 MP: 23/25
   168 | D        | Killed a water moccasin
   283 | D        | Entered arena 4.
   283 | D        | Noticed a hell hound
   283 | D        | Noticed a quasit
   283 | D        | Noticed an iron imp
   287 | D        | Killed an iron imp
   291 | D        | Killed a hell hound
   291 | D        | Acquired Dithmenos's second power
   305 | D        | Killed a quasit
   375 | D        | Entered arena 5.
   375 | D        | Noticed a scorpion
   375 | D        | Noticed a tarantella
   375 | D        | Noticed a tarantella
   375 | D        | Noticed a scorpion
   375 | D        | Noticed a scorpion
   383 | D        | Killed a scorpion
   385 | D        | Killed a tarantella
   385 | D        | Acquired Dithmenos's third power
   396 | D        | Killed a scorpion
   400 | D        | Killed a scorpion
   406 | D        | Killed a tarantella
   406 | D        | Reached skill level 17 in Stealth
   526 | D        | Entered arena 6.
   526 | D        | Noticed an orc priest
   526 | D        | Noticed an orc priest
   526 | D        | Noticed an orc priest
   526 | D        | Noticed an orc priest
   526 | D        | Noticed an orc priest
   530 | D        | Killed an orc priest
   532 | D        | Killed an orc priest
   534 | D        | Killed an orc priest
   534 | D        | Acquired Dithmenos's fourth power
   538 | D        | Killed an orc priest
   544 | D        | Killed an orc priest
   555 | D        | Got the amulet "Boshruul" {+Rage rN+}
   626 | D        | Entered arena 7.
   626 | D        | Noticed a jelly
   626 | D        | Noticed a slime creature
   626 | D        | Noticed an eye of draining
   626 | D        | Noticed an eye of devastation
   626 | D        | Noticed a golden eye
   630 | D        | Killed an eye of devastation
   630 | D        | Reached skill level 1 in Evocations
   631 | D        | Killed a golden eye
   637 | D        | Killed a slime creature
   641 | D        | Killed a jelly
   650 | D        | Killed an eye of draining
   655 | D        | Identified Lohae's Grimoire of Entrancing Attacks (You found it in the Dungeon)
   663 | D        | Learned a level 6 spell: Invisibility
   788 | D        | Entered arena 8.
   788 | D        | Noticed an iguana
   788 | D        | Noticed a porcupine
   788 | D        | Noticed a wolf
   788 | D        | Noticed a komodo dragon
   794 | D        | Killed a komodo dragon
   794 | D        | Reached XP level 10. HP: 44/44 MP: 24/27
   797 | D        | Killed a porcupine
   800 | D        | Killed an iguana
   800 | D        | Reached skill level 5 in Ice Magic
   804 | D        | Killed a wolf
   820 | D        | Identified Iskenderun's Papyrus of Battle Magic and Fire (You found it in the Dungeon)
   824 | D        | Learned a level 2 spell: Confusing Touch
   830 | D        | Learned a level 5 spell: Lightning Bolt
   842 | D        | Entered arena 9.
   842 | D        | Noticed a deep elf fighter
   842 | D        | Noticed a deep elf summoner
   842 | D        | Noticed a deep elf summoner
   842 | D        | Noticed a deep elf fighter
   842 | D        | Noticed a deep elf fighter
   842 | D        | Noticed a deep elf conjurer
   842 | D        | Noticed a deep elf conjurer
   845 | D        | Killed a deep elf conjurer
   845 | D        | Reached skill level 18 in Stealth
   845 | D        | Reached skill level 1 in Air Magic
   846 | D        | Killed a deep elf conjurer
   848 | D        | Killed a deep elf summoner
   848 | D        | Reached skill level 10 in Hexes
   849 | D        | Killed a deep elf fighter
   851 | D        | Killed a deep elf fighter
   852 | D        | Killed a deep elf summoner
   852 | D        | Reached skill level 5 in Conjurations
   854 | D        | Killed a deep elf fighter
  1013 | D        | Entered arena 10.
  1013 | D        | Noticed an orc priest
  1013 | D        | Noticed an orc priest
  1013 | D        | Noticed an orc priest
  1013 | D        | Noticed an orc warrior
  1013 | D        | Noticed an orc priest
  1013 | D        | Noticed an orc priest
  1013 | D        | Noticed an orc priest
  1013 | D        | Noticed an orc warrior
  1015 | D        | Killed an orc warrior
  1016 | D        | Killed an orc priest
  1017 | D        | Killed an orc priest
  1019 | D        | Killed an orc warrior
  1020 | D        | Killed an orc priest
  1026 | D        | Killed an orc priest
  1027 | D        | Killed an orc priest
  1031 | D        | Killed an orc priest
  1040 | D        | Got the +6 rapier of the Middle {venom, rF+ MP+9 Str+4 Int+4}
  1059 | D        | Learned a level 1 spell: Animate Skeleton
  1061 | D        | Learned a level 1 spell: Apportation
  1063 | D        | Learned a level 1 spell: Summon Small Mammal
  1171 | D        | Entered arena 11.
  1171 | D        | Noticed a yaktaur captain
  1171 | D        | Noticed a vault guard
  1171 | D        | Noticed a vault guard
  1171 | D        | Noticed a vault guard
  1171 | D        | Noticed a stone giant
  1172 | D        | Noticed a vault guard
  1172 | D        | Noticed a vault guard
  1172 | D        | Noticed a vault guard
  1172 | D        | Noticed a stone giant
  1172 | D        | Noticed a lich
  1173 | D        | Killed a yaktaur captain
  1173 | D        | Reached skill level 19 in Stealth
  1173 | D        | Reached skill level 1 in Necromancy
  1173 | D        | Reached skill level 1 in Translocations
  1174 | D        | Killed a vault guard
  1174 | D        | Reached skill level 1 in Summonings
  1174 | D        | Reached XP level 11. HP: 47/47 MP: 27/29
  1176 | D        | Killed a vault guard
  1177 | D        | Killed a vault guard
  1179 | D        | Killed a vault guard
  1180 | D        | Killed a vault guard
  1182 | D        | Killed a vault guard
  1182 | D        | Reached skill level 10 in Short Blades
  1182 | D        | Reached skill level 5 in Translocations
  1187 | D        | Mangled by a stone giant

Vault maps used:
D:        sprint_v

Action                   |  1- 3 |  4- 6 |  7- 9 | 10-12 || total
-------------------------+-------+-------+-------+-------++-------
Melee: Dagger            |     1 |     2 |    54 |    33 ||    90
       Rapier            |       |       |       |    11 ||    11
 Cast: Ensorcelled Hiber |       |       |    16 |     1 ||    17
       Confuse           |       |       |     5 |       ||     5
       Dazzling Spray    |       |       |     2 |       ||     2
       Invisibility      |       |       |       |     3 ||     3
Invok: Shadow Step       |       |       |     2 |     3 ||     5
 Abil: Evoke Invisibilit |       |       |     3 |       ||     3
  Use: Potion            |     1 |       |     1 |       ||     2
       Scroll            |       |       |     4 |       ||     4
 Stab: Sleeping          |     1 |     2 |    17 |    19 ||    39
       Invisible         |       |       |     6 |    10 ||    16
       Confused          |       |       |     1 |       ||     1
  Eat: Bread ration      |       |       |       |     1 ||     1
